[Event "23rd ETCC Women 2021"]
[Site "Catez"]
[Date "2021.11.17"]
[Round "5.2"]
[White "Zimina, Olga"]
[Black "Gunina, Valentina"]
[Result "1-0"]
[ECO "B11"]
[WhiteElo "2339"]
[BlackElo "2480"]
[Annotator "ChessBase"]
[PlyCount "129"]
[EventDate "2021.11.08"]
[EventType "team-tourn"]
[EventCountry "SLO"]
[SourceTitle "playchess.com"]
[Source "ChessBase"]
[SourceQuality "1"]
[WhiteTeam "Italy"]
[BlackTeam "Russia"]
[WhiteTeamCountry "ITA"]
[BlackTeamCountry "RUS"]
[TimeControl "40/5400+30:1800+30"]

1. e4 c6 2. Nc3 d5 3. Nf3 dxe4 4. Nxe4 Nf6 5. Qe2 Nxe4 6. Qxe4 Nd7 7. Bc4 Nf6 8. Ne5 e6 9. Qe2 b5 10. Bd3 Qc7 11. b3 Bd6 12. Bb2 Nd5 13.
O-O O-O 14. Qh5 g6 15. Ng4 e5 16. Qh4 Bxg4 17. Qxg4 f5 18. Qh4 Rae8 19. a4 a6 20. axb5 axb5 21. c4 Be7 22. Qg3 Nf4 23. cxb5 cxb5 24. Bxb5 Rb8 25. Ba6 Bf6 26. Qc3 Qd6 27. Bc4+ Kh8 28. Ra6 Rb6 29. Rxb6 Qxb6 30. Ra1 Qb7 31. Qf3 Qb8 32. Qc6 Bg7 33. Bc3 Rc8 34. Qd7 Rd8 35. Qe7 Re8 36. Qf7 Rf8 37. Qa7 Qd8 38. Qb7 h5 39. Ra7 Qf6 40. Qxg7+ Qxg7 41. Rxg7 Kxg7 42. Bxe5+ Kh6 43. Bxf4+ g5 44. Be5 Rd8 45. h4 Rxd2 46. hxg5+ Kxg5 47. g3 Kg4 48. Kg2 h4 49. gxh4 Rc2 50. Bf6 Rd2 51. Bg5 Rc2 52. Bd5 Kh5 53. Bf7+ Kg4 54. b4 Rb2 55. b5 f4 56. Be6+ Kh5 57. Bd7 Rd2 58. Bc6 Rb2 59. Kf3 Kg6 60. Bxf4 Kh5 61. Be3 Rc2 62. Be4 Rb2 63. b6 Rb3 64. b7 Kxh4 65. Kg2 1-0

[Event "23rd ETCC Women 2021"]
[Site "Catez"]
[Date "2021.11.16"]
[Round "5.4"]
[White "Gueci, Tea"]
[Black "Kashlinskaya, Alina"]
[Result "1/2-1/2"]
[ECO "C07"]
[WhiteElo "2242"]
[BlackElo "2482"]
[Annotator "ChessBase"]
[PlyCount "81"]
[EventDate "2021.11.08"]
[EventType "team-tourn"]
[EventCountry "SLO"]
[SourceTitle "playchess.com"]
[Source "ChessBase"]
[SourceQuality "1"]
[WhiteTeam "Italy"]
[BlackTeam "Russia"]
[WhiteTeamCountry "ITA"]
[BlackTeamCountry "RUS"]
[TimeControl "40/5400+30:1800+30"]

1. e4 e6 2. d4 d5 3. Nd2 c5 4. Ngf3 cxd4 5. Nxd4 Nc6 6. Bb5 Bd7 7. Nxc6 bxc6 8. Bd3 Qc7 9. Qe2 Bd6 10. Nf3 dxe4 11. Bxe4 Nf6 12. O-O O-O 13. b3 Nxe4 14. Qxe4 c5 15. h3 Bc6 16. Qe2 e5 17. Ng5 Rae8 18.
Ne4 Be7 19. Ba3 Kh8 20. f3 f5 21. Nf2 e4 22. fxe4 fxe4 23.
Ng4 Qg3 24. Bb2 Bd6 25. Rxf8+ Rxf8 26. Rf1 Rxf1+ 27. Qxf1 Qf4 28. Qxf4 Bxf4 29. Be5 Bc1 30. Kf2 Kg8 31. Bd6 c4 32. bxc4 h5 33. Ne3 Kf7 34. Bc5 Bxe3+ 35. Kxe3 a6 36. h4 Ke6 37. g3 g6 38. c3 a5 39. Bf8 a4 40. Kd4 Kd7 41. Bc5 1/2-1/2

[Event "23rd ETCC Women 2021"]
[Site "Catez"]
[Date "2021.11.16"]
[Round "5.5"]
[White "Danielian, Elina"]
[Black "Dzagnidze, Nana"]
[Result "0-1"]
[ECO "E62"]
[WhiteElo "2450"]
[BlackElo "2524"]
[Annotator "ChessBase"]
[PlyCount "84"]
[EventDate "2021.11.08"]
[EventType "team-tourn"]
[EventCountry "SLO"]
[SourceTitle "playchess.com"]
[Source "ChessBase"]
[SourceQuality "1"]
[WhiteTeam "Armenia"]
[BlackTeam "Georgia"]
[WhiteTeamCountry "ARM"]
[BlackTeamCountry "GEO"]
[TimeControl "40/5400+30:1800+30"]

1. Nf3 Nf6 2. g3 g6 3. Bg2 Bg7 4. c4 O-O 5. O-O d6 6. d4 Nc6 7. Nc3 e5 8. d5 Nb8 9. e4 a5 10. b3 Na6 11. Rb1 c6 12. dxc6 bxc6 13.
Ba3 Nb4 14. Qd2 Qe7 15. Rbd1 Rd8 16. h3 Ne8 17. Na4 Rb8 18.
Bb2 Nc7 19. Rfe1 Be6 20. a3 Nba6 21. Qc2 f6 22. Bc3 d5 23.
Bxa5 dxc4 24. b4 Rxd1 25. Rxd1 Nb5 26. Bf1 Bf8 27. Qc1 Qf7 28. Nb6 c5 29. Nd5 cxb4 30. Qxc4 bxa3 31. Qc6 Nc5 32. Bxb5 Nb3 33. Bc3 Rc8 34. Qa6 Nc5 35. Qa5 Nxe4 36. Ba6 Rc5 37. Qd8 Rxd5 38. Rxd5 Bxd5 39. Ba1 Nxg3 40. Bxe5 fxe5 41. Nxe5 a2 42. Qa5 Qe6 0-1

[Event "23rd ETCC Women 2021"]
[Site "Catez"]
[Date "2021.11.16"]
[Round "5.6"]
[White "Arabidze, Meri"]
[Black "Mkrtchian, Lilit"]
[Result "0-1"]
[ECO "E11"]
[WhiteElo "2441"]
[BlackElo "2379"]
[Annotator "ChessBase"]
[PlyCount "129"]
[EventDate "2021.11.08"]
[EventType "team-tourn"]
[EventCountry "SLO"]
[SourceTitle "playchess.com"]
[Source "ChessBase"]
[SourceQuality "1"]
[WhiteTeam "Georgia"]
[BlackTeam "Armenia"]
[WhiteTeamCountry "GEO"]
[BlackTeamCountry "ARM"]
[TimeControl "40/5400+30:1800+30"]

1. d4 Nf6 2. c4 e6 3. Nf3 d5 4. g3 Bb4+ 5. Bd2 Be7 6. Bg2 Nbd7 7. Qc2 c6 8.
O-O O-O 9. Rd1 b6 10. b3 a5 11. Bc3 Ne4 12. Bb2 Bb7 13. Nc3 f5 14. e3 Qe8 15. Ne2 g5 16. Ne5 Nxe5 17. dxe5 Rc8 18. Bd4 b5 19. Bb2 Rf7 20. Rac1 Bf8 21. Nd4 b4 22. f3 Nc5 23. Bf1 g4 24. cxd5 cxd5 25.
Bb5 Qd8 26. fxg4 fxg4 27. Qe2 Qg5 28. Rf1 Rxf1+ 29. Rxf1 Bg7 30. Bc1 Bxe5 31. Qf2 Qg7 32. Bb2 Ne4 33. Qe2 Bxd4 34. exd4 h5 35.
Bd3 Ng5 36. Kg2 e5 37. Qxe5 Qxe5 38. dxe5 d4+ 39. Kf2 Nf3 40.
Bc4+ Kf8 41. Rd1 Ba6 42. Bxd4 Bxc4 43. bxc4 Rxc4 44. Bb6 Rc2+ 45. Ke3 Nxe5 46. Ke4 Re2+ 47. Kd5 Nf3 48. Ra1 Kf7 49. Kc4 Re5 50. Bc7 Rf5 51. Kb3 Nxh2 52. Ka4 Nf1 53. Bxa5 Nxg3 54. Kxb4 Ne4 55. a4 g3 56. Bb6 Nd6 57. a5 h4 58. a6 Rb5+ 59. Kc3 Rxb6 60. a7 Nb5+ 61. Kd3 Nxa7 62. Rxa7+ Kg6 63. Ke4 g2 64. Ra1 Rf6 65. Kd4 0-1

[Event "23rd ETCC Women 2021"]
[Site "Catez"]
[Date "2021.11.16"]
[Round "5.7"]
[White "Sargsyan, Anna M."]
[Black "Melia, Salome"]
[Result "0-1"]
[ECO "B31"]
[WhiteElo "2385"]
[BlackElo "2371"]
[Annotator "NA"]
[PlyCount "78"]
[EventDate "2021.11.08"]
[EventType "team-tourn"]
[EventCountry "SLO"]
[SourceTitle "playchess.com"]
[Source "ChessBase"]
[SourceQuality "1"]
[WhiteTeam "Armenia"]
[BlackTeam "Georgia"]
[WhiteTeamCountry "ARM"]
[BlackTeamCountry "GEO"]
[TimeControl "40/5400+30:1800+30"]

1. e4 c5 2. Nf3 Nc6 3. Bb5 g6 4. Bxc6 dxc6 5. d3 Bg7 6. h3 Qc7 7. a4 a5 8. O-O h6 9. Nc3 e5 10. Be3 b6 11. Qd2 Ne7 12. Nh2 Be6 13.
f4 exf4 14. Bxf4 Qd7 15. Nf3 g5 16. Bh2 Ng6 17. Rae1 O-O 18.
e5 Bd5 19. Ne4 Bxe4 20. Rxe4 Rae8 21. Qe3 Re6 22. d4 Qd5 23. c4 Qxc4 24. dxc5 Qxc5 25. Nd4 Ree8 26. Rc1 Qd5 27. Nxc6 f5 28. Rd4 Qf7 29. Qd3 f4 30. Nd8 Qf5 31. Qb3+ Kh8 32. Qxb6 Qxe5 33. Rcd1 Qe3+ 34. Kh1 Rxd8 35. Qxd8 Rxd8 36.
Rxd8+ Kh7 37. Bg1 Qe4 38. Rf1 Nh4 39. Rd2 f3 0-1

[Event "23rd ETCC Women 2021"]
[Site "Catez"]
[Date "2021.11.16"]
[Round "5.8"]
[White "Gvetadze, Sofio"]
[Black "Ghukasyan, Siranush"]
[Result "1/2-1/2"]
[ECO "C77"]
[WhiteElo "2302"]
[BlackElo "2168"]
[Annotator "NA"]
[PlyCount "67"]
[EventDate "2021.11.08"]
[EventType "team-tourn"]
[EventCountry "SLO"]
[SourceTitle "playchess.com"]
[Source "ChessBase"]
[SourceQuality "1"]
[WhiteTeam "Georgia"]
[BlackTeam "Armenia"]
[WhiteTeamCountry "GEO"]
[BlackTeamCountry "ARM"]
[TimeControl "40/5400+30:1800+30"]

1. e4 e5 2. Nf3 Nc6 3. Bb5 a6 4. Ba4 Nf6 5. d3 d6 6. c3 g6 7. O-O Bg7 8. Re1 O-O 9. h3 b5 10. Bc2 Bb7 11. a4 Nd7 12. b4 Re8 13.
axb5 axb5 14. Na3 Na7 15. Rb1 c6 16. Bb3 d5 17. Be3 Nc8 18.
Qc1 Nd6 19. exd5 cxd5 20. Bc5 Nxc5 21. bxc5 e4 22. dxe4 Nxe4 23. Nxb5 Qd7 24. Bc2 Nxc5 25. Rxe8+ Rxe8 26. Qf4 Bc6 27. Nbd4 Ba4 28. Bxa4 Nxa4 29. Rb3 Nc5 30. Rb8 Ne6 31. Qg3 Nxd4 32. cxd4 h6 33. h4 Kh7 34. Rxe8 1/2-1/2

[Event "23rd ETCC Women 2021"]
[Site "Catez"]
[Date "2021.11.16"]
[Round "5.9"]
[White "Mammadzada, Gunay"]
[Black "Ushenina, Anna"]
[Result "1-0"]
[ECO "C78"]
[WhiteElo "2459"]
[BlackElo "2426"]
[Annotator "ChessBase"]
[PlyCount "81"]
[EventDate "2021.11.08"]
[EventType "team-tourn"]
[EventCountry "SLO"]
[SourceTitle "playchess.com"]
[Source "ChessBase"]
[SourceQuality "1"]
[WhiteTeam "Azerbaijan"]
[BlackTeam "Ukraine"]
[WhiteTeamCountry "AZE"]
[BlackTeamCountry "UKR"]
[TimeControl "40/5400+30:1800+30"]

1. e4 e5 2. Nf3 Nc6 3. Bb5 a6 4. Ba4 Nf6 5. O-O Bc5 6. c3 O-O 7. d4 Ba7 8. Re1 b5 9. Bc2 d6 10. h3 exd4 11. cxd4 Nb4 12. Bg5 h6 13. Bh4 g5 14. Bg3 Nh5 15. Bh2 g4 16. hxg4 Bxg4 17. Bb3 Nc6 18. Qd3 Bxf3 19. Qxf3 Ng7 20. Qf4 Nxd4 21. Qxh6 Nxb3 22. axb3 f5 23. e5 f4 24. Nc3 dxe5 25. Ne4 Qe7 26. Rxa6 Bb6 27. Ng5 Qxg5 28. Qxg5 Rxa6 29. Qxe5 f3 30. Bg3 Rf5 31. Qc3 Rf7 32. gxf3 Ra8 33. Re4 Rd8 34. Rg4 Kf8 35. Qb4+ Kg8 36. Be5 Rd5 37. Qe4 Rd1+ 38. Kg2 Rd2 39. Qa8+ Kh7 40. Rh4+ Kg6 41. Qc6+ 1-0

[Event "23rd ETCC Women 2021"]
[Site "Catez"]
[Date "2021.11.16"]
[Round "5.10"]
[White "Osmak, Iulija"]
[Black "Mammadova, Gulnar"]
[Result "1-0"]
[ECO "E11"]
[WhiteElo "2423"]
[BlackElo "2395"]
[Annotator "NA"]
[PlyCount "79"]
[EventDate "2021.11.08"]
[EventType "team-tourn"]
[EventCountry "SLO"]
[SourceTitle "playchess.com"]
[Source "ChessBase"]
[SourceQuality "1"]
[WhiteTeam "Ukraine"]
[BlackTeam "Azerbaijan"]
[WhiteTeamCountry "UKR"]
[BlackTeamCountry "AZE"]
[TimeControl "40/5400+30:1800+30"]

1. d4 Nf6 2. c4 e6 3. g3 d5 4. Nf3 Bb4+ 5. Bd2 Be7 6. Bg2 O-O 7. Qc2 Ne4 8.
O-O b6 9. Bf4 c6 10. Ne5 f6 11. Nxc6 Nxc6 12. cxd5 Nb4 13. Qxe4 exd5 14. Qf3 Be6 15. Rc1 g5 16. Bd2 Qd7 17. Bxb4 Bxb4 18. Qb3 Be7 19. Nc3 Rfd8 20. Nb5 Rac8 21. Rxc8 Rxc8 22. Nc3 Rd8 23. Rc1 Rc8 24. Rd1 Rd8 25. Rd3 Bf7 26. Re3 Bf8 27. Qb5 Qxb5 28. Nxb5 a6 29. Nc7 Rd7 30. Rc3 Kg7 31. Nxa6 Kg6 32. Rc6 Rd6 33. Nb4 Rxc6 34. Nxc6 Bd6 35. Na7 f5 36. Nc8 Bc7 37. Bxd5 Be8 38. Bc6 Bf7 39. b3 Kf6 40. Na7 1-0

[Event "23rd ETCC Women 2021"]
[Site "Catez"]
[Date "2021.11.16"]
[Round "5.11"]
[White "Balajayeva, Khanim"]
[Black "Buksa, Nataliya"]
[Result "1-0"]
[ECO "B22"]
[WhiteElo "2369"]
[BlackElo "2410"]
[Annotator "NA"]
[PlyCount "75"]
[EventDate "2021.11.08"]
[EventType "team-tourn"]
[EventCountry "SLO"]
[SourceTitle "playchess.com"]
[Source "ChessBase"]
[SourceQuality "1"]
[WhiteTeam "Azerbaijan"]
[BlackTeam "Ukraine"]
[WhiteTeamCountry "AZE"]
[BlackTeamCountry "UKR"]
[TimeControl "40/5400+30:1800+30"]

1. e4 c5 2. c3 Nf6 3. e5 Nd5 4. Nf3 Nc6 5. d4 cxd4 6. Bc4 Nb6 7. Bb3 d6 8.
exd6 Qxd6 9. O-O Be6 10. Na3 dxc3 11. Qe2 Bxb3 12. Nb5 Qb8 13. axb3 e6 14. g3 e5 15. Nbd4 f6 16. bxc3 Kf7 17. Nxc6 bxc6 18. Qe4 Qc7 19. Qf5 Re8 20. Be3 Kg8 21. Bxb6 axb6 22. Rfd1 Qf7 23. Rd7 Qxb3 24. Raa7 Qe6 25. Qxe6+ Rxe6 26. Ra8 h5 27. Rb8 b5 28. Kf1 c5 29. Rxb5 e4 30. Nh4 Kh7 31. Rbb7 Rg8 32. Ke2 Kh6 33. Rb8 g6 34. Rf7 e3 35. fxe3 g5 36. Nf3 g4 37. Nd2 h4 38.
Rbxf8 1-0

[Event "23rd ETCC Women 2021"]
[Site "Catez"]
[Date "2021.11.16"]
[Round "5.12"]
[White "Zhukova, Natalia"]
[Black "Beydullayeva, Govhar"]
[Result "1-0"]
[ECO "D40"]
[WhiteElo "2331"]
[BlackElo "2278"]
[Annotator "NA"]
[PlyCount "103"]
[EventDate "2021.11.08"]
[EventType "team-tourn"]
[EventCountry "SLO"]
[SourceTitle "playchess.com"]
[Source "ChessBase"]
[SourceQuality "1"]
[WhiteTeam "Ukraine"]
[BlackTeam "Azerbaijan"]
[WhiteTeamCountry "UKR"]
[BlackTeamCountry "AZE"]
[TimeControl "40/5400+30:1800+30"]

1. c4 e6 2. Nc3 c5 3. Nf3 Nf6 4. e3 Nc6 5. d4 d5 6. a3 a6 7. dxc5 Bxc5 8. b4 Bd6 9. Bb2 O-O 10. Qc2 Qe7 11. Rd1 Rd8 12. Ng5 h6 13. h4 Be5 14. f4 Bc7 15.
Be2 d4 16. Nce4 Nxe4 17. Qxe4 f5 18. Qf3 e5 19. c5 hxg5 20.
hxg5 Qf7 21. Qh3 Qg6 22. Qh8+ Kf7 23. Qh4 Ke7 24. fxe5 Nxe5 25. exd4 Nf7 26. d5 Rh8 27. d6+ Bxd6 28. cxd6+ Kd7 29. Bh5 Qxg5 30. Qxg5 Nxg5 31. Bxg7 Rg8 32. Bb2 b5 33. Bf3 Rb8 34. Kf2 Bb7 35. Bf6 Ne4+ 36. Bxe4 Bxe4 37. Rh7+ Ke6 38. Bh4 Rxg2+ 39. Kf1 f4 40. Re7+ Kf5 41. d7 Rh2 42. Re8 Rh1+ 43. Ke2 Bf3+ 44. Kxf3 Rxd1 45. d8=Q Rbxd8 46. Rxd8 Rh1 47. Rf8+ Ke5 48.
Rxf4 Rb1 49. Re4+ Kd5 50. Re3 Kc4 51. Ke4 Rf1 52. Be1 1-0

[Event "23rd ETCC Women 2021"]
[Site "Catez"]
[Date "2021.11.16"]
[Round "5.13"]
[White "Tsolakidou, Stavroula"]
[Black "Sebag, Marie"]
[Result "1/2-1/2"]
[ECO "D45"]
[WhiteElo "2377"]
[BlackElo "2447"]
[Annotator "NA"]
[PlyCount "89"]
[EventDate "2021.11.08"]
[EventType "team-tourn"]
[EventCountry "SLO"]
[SourceTitle "playchess.com"]
[Source "ChessBase"]
[SourceQuality "1"]
[WhiteTeam "Greece"]
[BlackTeam "France"]
[WhiteTeamCountry "GRE"]
[BlackTeamCountry "FRA"]
[TimeControl "40/5400+30:1800+30"]

1. d4 d5 2. c4 c6 3. Nf3 Nf6 4. Nc3 e6 5. e3 Nbd7 6. Qc2 Bd6 7. b3 O-O 8. Be2 b6 9. O-O Bb7 10. Bb2 Qe7 11. Rad1 Rad8 12. Rfe1 Rfe8 13. Bf1 e5 14. dxe5 Nxe5 15. Nxe5 Bxe5 16. cxd5 Qc5 17. Re2 Ba6 18. Red2 Bxf1 19. Kxf1 cxd5 20. Ne2 Ne4 21. Qxe4 dxe4 22. Rxd8 Kf8 23. R8d5 Qc7 24. Bxe5 Rxe5 25. Rd7 Qc2 26. R7d2 Qc6 27. Rd7 Re7 28. R7d6 Qb5 29. Rc1 g6 30. Rd4 Kg7 31. Rcc4 Rd7 32. Nc3 Qf5 33. Nxe4 Rxd4 34. Rxd4 Qc8 35. Rc4 Qa6 36. a4 b5 37. axb5 Qxb5 38. Nd2 Qd5 39. Rd4 Qh5 40. g3 Qh3+ 41. Kg1 h5 42. Ra4 Qd7 43. Rd4 Qh3 44. Ra4 Qd7 45. Rd4 1/2-1/2

[Event "23rd ETCC Women 2021"]
[Site "Catez"]
[Date "2021.11.16"]
[Round "5.14"]
[White "Guichard, Pauline"]
[Black "Avramidou, Anastasia"]
[Result "0-1"]
[ECO "D37"]
[WhiteElo "2409"]
[BlackElo "2217"]
[Annotator "RC"]
[PlyCount "186"]
[EventDate "2021.11.08"]
[EventType "team-tourn"]
[EventCountry "SLO"]
[SourceTitle "playchess.com"]
[Source "ChessBase"]
[SourceQuality "1"]
[WhiteTeam "France"]
[BlackTeam "Greece"]
[WhiteTeamCountry "FRA"]
[BlackTeamCountry "GRE"]
[TimeControl "40/5400+30:1800+30"]

1. d4 d5 2. c4 e6 3. Nf3 Nf6 4. Nc3 a6 5. cxd5 exd5 6. Bg5 Be6 7. Bxf6 Qxf6 8. Qb3 b6 9. e3 Qd8 10. Bd3 Bd6 11. Qc2 h6 12. e4 dxe4 13.
Bxe4 Ra7 14. O-O O-O 15. d5 Bg4 16. Nd4 Qf6 17. Nf5 Be5 18.
Ne3 Bd7 19. Rac1 a5 20. Nc4 Bxc3 21. Qxc3 Qxc3 22. Rxc3 Re8 23. Bf3 Bb5 24. Rfc1 Bxc4 25. Rxc4 Na6 26. g3 Nc5 27. Rd1 Rd8 28. Rc3 Rd6 29. Re3 Kf8 30. Rde1 Ra8 31. Re7 Nd7 32. g4 Rd8 33. Kg2 g6 34. h4 g5 35. h5 Rf6 36. Kg3 Rf4 37. R1e3 Rd4 38.
Re2 Rf4 39. Re1 Rd4 40. Kg2 Rf4 41. a3 Rd4 42. Kg3 Rf4 43.
R1e3 Rd4 44. Re1 Rf4 45. R1e3 Rd4 46. Re2 Rf4 47. R7e3 Nf6 48. Rc2 Rd7 49. Rc6 Kg7 50. Rd3 Ne8 51. Rd2 Nd6 52. Rdc2 Ne8 53. R2c3 Rd4 54. b3 Rf4 55. Rd3 Nd6 56. Rc1 Kf8 57. Re1 Ne8 58. Re4 Rxe4 59. Bxe4 Nf6 60. f3 c6 61. d6 Nxe4+ 62. fxe4 f6 63. b4 axb4 64. axb4 Kf7 65. Ra3 Rxd6 66. Ra7+ Ke6 67. Rh7 Rd3+ 68. Kf2 Rd4 69. Ke3 Rxb4 70. Rxh6 Rb3+ 71. Kf2 Ke5 72. Kg2 c5 73. Rg6 Rd3 74. h6 Rd8 75. h7 Rh8 76. Rh6 Kxe4 77. Kg3 Ke5 78.
Kf3 c4 79. Ke3 b5 80. Rh1 b4 81. Rh6 b3 82. Kd2 Kd4 83. Rh3 b2 84. Kc2 c3 85. Rd3+ Ke4 86. Rxc3 Rxh7 87. Kxb2 Rh4 88. Rc6 Rxg4 89. Rxf6 Rf4 90. Rc6 Kf3 91. Kc2 Rd4 92. Rf6+ Kg3 93. Kc3 Rd8 0-1

[Event "23rd ETCC Women 2021"]
[Site "Catez"]
[Date "2021.11.16"]
[Round "5.15"]
[White "Pavlidou, Ekaterini"]
[Black "Milliet, Sophie"]
[Result "1/2-1/2"]
[ECO "E51"]
[WhiteElo "2172"]
[BlackElo "2418"]
[Annotator "NA"]
[PlyCount "79"]
[EventDate "2021.11.08"]
[EventType "team-tourn"]
[EventCountry "SLO"]
[SourceTitle "playchess.com"]
[Source "ChessBase"]
[SourceQuality "1"]
[WhiteTeam "Greece"]
[BlackTeam "France"]
[WhiteTeamCountry "GRE"]
[BlackTeamCountry "FRA"]
[TimeControl "40/5400+30:1800+30"]

1. d4 Nf6 2. c4 e6 3. Nc3 Bb4 4. e3 O-O 5. Bd2 d5 6. Nf3 b6 7. cxd5 exd5 8.
Rc1 Bb7 9. Bd3 Re8 10. O-O Bf8 11. Ne5 c5 12. f4 Nc6 13. Nxd5 Qxd5 14. Bc4 Qxg2+ 15. Kxg2 Nxe5+ 16. Kg1 Nxc4 17. Rxc4 Rad8 18.
Bc1 Ba6 19. b3 Bxc4 20. bxc4 cxd4 21. exd4 Rxd4 22. Qxd4 Bc5 23. Qxc5 bxc5 24. Ba3 h5 25. Bxc5 Rc8 26. Bxa7 Rxc4 27. Bb8 Ne4 28. Re1 Kh7 29. Re2 Kg6 30. Rb2 h4 31. h3 Rc3 32. Kg2 f6 33.
Rb4 Ng3 34. a4 Ra3 35. Bc7 Kf5 36. a5 Ra2+ 37. Kf3 Ra3+ 38. Kg2 Ra2+ 39. Kf3 Ra3+ 40. Kg2 1/2-1/2

[Event "23rd ETCC Women 2021"]
[Site "Catez"]
[Date "2021.11.16"]
[Round "5.16"]
[White "Benmesbah, Natacha"]
[Black "Markantonaki, Haritomeni"]
[Result "1/2-1/2"]
[ECO "C61"]
[WhiteElo "2256"]
[BlackElo "2174"]
[Annotator "ChessBase"]
[PlyCount "140"]
[EventDate "2021.11.08"]
[EventType "team-tourn"]
[EventCountry "SLO"]
[SourceTitle "playchess.com"]
[Source "ChessBase"]
[SourceQuality "1"]
[WhiteTeam "France"]
[BlackTeam "Greece"]
[WhiteTeamCountry "FRA"]
[BlackTeamCountry "GRE"]
[TimeControl "40/5400+30:1800+30"]

1. e4 e5 2. Nf3 Nc6 3. Bb5 Nd4 4. Nxd4 exd4 5. O-O Bc5 6.
d3 c6 7. Bc4 d5 8. exd5 cxd5 9. Re1+ Ne7 10. Bb5+ Bd7 11. Bxd7+ Qxd7 12. Bf4 O-O 13. Nd2 Ng6 14. Bg3 Rac8 15. Nb3 b6 16. a3 Qf5 17. Qd2 h5 18. h3 Rc6 19. Re2 h4 20. Bh2 Rfc8 21. Rae1 Kh7 22. Be5 f6 23. Bh2 a5 24. Re8 a4 25. Rxc8 Rxc8 26. Nxc5 bxc5 27. Qa5 Qd7 28. Qb6 Qc6 29. Qa7 Ra8 30. Qf7 Rf8 31. Qe6 Qxe6 32. Rxe6 Rc8 33. Kf1 c4 34. Ke2 c3 35. Kd1 cxb2 36. Rb6 Ne5 37. Rxb2 Rc3 38. Ra2 Kg6 39. Bf4 Kf5 40. Bd2 Rc8 41. Rb2 Nc6 42. Rb6 g5 43. f3 Ke5 44. Ra6 Ne7 45. Rxa4 Ng6 46. Be1 Nf4 47. Bf2 Nxg2 48. Bxd4+ Kf5 49. Ra5 Kf4 50. Rxd5 Kxf3 51. Kd2 g4 52. hxg4 h3 53. Rh5 Nf4 54. Rh6 Kg2 55. Bxf6 Rc6 56. c4 h2 57. Rxh2+ Kxh2 58. Be5 Kg3 59. Ke3 Re6 60. Kd4 Kxg4 61. Bxf4 Kxf4 62. Kd5 Ra6 63. c5 Rxa3 64. d4 Ra5 65. Kd6 Ke4 66. c6 Rd5+ 67. Ke7 Kxd4 68. c7 Re5+ 69. Kd7 Rd5+ 70. Ke7 Re5+ 1/2-1/2

[Event "23rd ETCC Women 2021"]
[Site "Catez"]
[Date "2021.11.16"]
[Round "5.17"]
[White "Cramling, Pia"]
[Black "Cyfka, Karina"]
[Result "1-0"]
[ECO "E11"]
[WhiteElo "2457"]
[BlackElo "2416"]
[Annotator "ChessBase"]
[PlyCount "155"]
[EventDate "2021.11.08"]
[EventType "team-tourn"]
[EventCountry "SLO"]
[SourceTitle "playchess.com"]
[Source "ChessBase"]
[SourceQuality "1"]
[WhiteTeam "Sweden"]
[BlackTeam "Poland"]
[WhiteTeamCountry "SWE"]
[BlackTeamCountry "POL"]
[TimeControl "40/5400+30:1800+30"]

1. d4 Nf6 2. c4 e6 3. Nf3 Bb4+ 4. Bd2 a5 5. Nc3 O-O 6. e3 Bxc3 7. Bxc3 Ne4 8. Qc2 Nxc3 9. Qxc3 d6 10. Be2 Nd7 11. O-O Qe7 12. Nd2 e5 13. Bd3 b6 14. Rae1 Bb7 15. Qc2 Qh4 16. Bf5 Rad8 17. g3 Qh5 18. f4 exd4 19. exd4 Nf6 20. Re7 Rfe8 21. Rfe1 Kf8 22. Rxe8+ Rxe8 23. Rxe8+ Kxe8 24. Bd3 Kd8 25. d5 Qg4 26. Ne4 Nxe4 27. Bxe4 h5 28. Qd3 g6 29. Bf3 Qd7 30. f5 Qe8 31. Qe4 Bc8 32. f6 Bf5 33. Qxe8+ Kxe8 34. Be2 Be4 35. Kf2 Kd7 36. Ke3 Bb1 37. a3 Bc2 38. Kd4 Bf5 39. Bf3 Bh3 40. Kc3 Bf1 41. h4 Bh3 42. Kd4 Bf5 43.
b4 axb4 44. axb4 Bc2 45. c5 bxc5+ 46. bxc5 Ba4 47. Be2 Kd8 48. Kc4 Bd7 49. Bd3 dxc5 50. Kxc5 Ba4 51. Kd4 Bd7 52. Ke5 Ba4 53. Bf1 Ke8 54. Ba6 Kd7 55. Bc4 Ke8 56. Kd4 Bd7 57. Kc5 Ba4 58. Ba6 Kd8 59. Bb7 Kd7 60. Ba8 Kd8 61. Kb4 Bd7 62. Bb7 Bg4 63. Ba6 Bd1 64. Bb5 Bg4 65. Ka5 Bf3 66. Bc6 Be2 67. Kb4 Bg4 68. Bb5 Bf3 69. Kc5 Bg4 70. d6 cxd6+ 71. Kxd6 Be6 72. Ba4 Ba2 73. Ke5 Kc7 74. Kf4 Kd8 75. Kg5 Be6 76. Kh6 Kc7 77. Kg7 Kd8 78. Kf8 1-0

[Event "23rd ETCC Women 2021"]
[Site "Catez"]
[Date "2021.11.16"]
[Round "5.18"]
[White "Kiolbasa, Oliwia"]
[Black "Agrest, Inna"]
[Result "1-0"]
[ECO "C78"]
[WhiteElo "2403"]
[BlackElo "2258"]
[Annotator "NA"]
[PlyCount "81"]
[EventDate "2021.11.08"]
[EventType "team-tourn"]
[EventCountry "SLO"]
[SourceTitle "playchess.com"]
[Source "ChessBase"]
[SourceQuality "1"]
[WhiteTeam "Poland"]
[BlackTeam "Sweden"]
[WhiteTeamCountry "POL"]
[BlackTeamCountry "SWE"]
[TimeControl "40/5400+30:1800+30"]

1. e4 e5 2. Nf3 Nc6 3. Bb5 a6 4. Ba4 Nf6 5. O-O Bc5 6. c3 b5 7. Bb3 d6 8. d4 Bb6 9. a4 Rb8 10. a5 Ba7 11. h3 O-O 12. Be3 exd4 13.
cxd4 Qe7 14. e5 dxe5 15. dxe5 Nd7 16. Bg5 Qe8 17. Re1 Nc5 18. Bc2 Nb4 19. Be3 Qd7 20. Qe2 h6 21. Rc1 Bb7 22. Nbd2 Ra8 23.
Bb1 Ne6 24. Bxa7 Rxa7 25. Ne4 Rd8 26. Qe3 Raa8 27. Nf6+ gxf6 28. Qxh6 Nd3 29. Rd1 Be4 30. Ra3 b4 31. Raxd3 Bxd3 32. Rxd3 Qxd3 33. Bxd3 Rxd3 34. exf6 Rd5 35. h4 Rxa5 36. Ng5 Rxg5 37. hxg5 Rd8 38. f4 Rd5 39. g6 fxg6 40. Qxg6+ Kf8 41. f5 1-0

[Event "23rd ETCC Women 2021"]
[Site "Catez"]
[Date "2021.11.16"]
[Round "5.19"]
[White "Zaritovskaja, Margarita"]
[Black "Socko, Monika"]
[Result "0-1"]
[ECO "B19"]
[WhiteElo "2040"]
[BlackElo "2393"]
[Annotator "NA"]
[PlyCount "88"]
[EventDate "2021.11.08"]
[EventType "team-tourn"]
[EventCountry "SLO"]
[SourceTitle "playchess.com"]
[Source "ChessBase"]
[SourceQuality "1"]
[WhiteTeam "Sweden"]
[BlackTeam "Poland"]
[WhiteTeamCountry "SWE"]
[BlackTeamCountry "POL"]
[TimeControl "40/5400+30:1800+30"]

1. e4 c6 2. d4 d5 3. Nc3 dxe4 4. Nxe4 Bf5 5. Ng3 Bg6 6. Nf3 e6 7. h4 h6 8. Ne5 Bh7 9. Be3 Nf6 10. Bd3 Bxd3 11. Qxd3 Qa5+ 12. Bd2 Bb4 13. a3 Bxd2+ 14. Qxd2 Qxd2+ 15. Kxd2 Nbd7 16. Nxd7 Kxd7 17. f3 Rad8 18. Rad1 Ke7 19. Ke2 Rd7 20. Ne4 Rhd8 21. c3 Rd5 22. Rd2 Nh5 23. g4 Nf6 24. Rhd1 b6 25. Ke3 h5 26. g5 Ne8 27. f4 R5d7 28.
b3 g6 29. c4 Ng7 30. Ng3 f6 31. Ke4 fxg5 32. fxg5 Kd6 33. b4 Nf5 34. Nxf5+ exf5+ 35. Kf3 Re8 36. c5+ Kd5 37. Rd3 Re4 38. Kg3 b5 39. R1d2 Rde7 40. Kh3 Rf4 41. Rg3 Ree4 42. Kg2 Rxh4 43. a4 a6 44. axb5 axb5 0-1